 Dungeon Crawl Stone Soup version 0.21.1-1-g345015fe64 (webtiles) character file.

112 Hercules1031 the Fighter (level 4, -3/45 HPs)
             Began as a Gnoll Wanderer on June 18, 2018.
             Slain by a worm (10 damage)
             ... on level 3 of the Dungeon.
             The game lasted 00:08:48 (1624 turns).

Hercules1031 the Fighter (Gnoll Wanderer)           Turns: 1624, Time: 00:08:48

Health: -3/45      AC:  6    Str: 12 (13) XL:     4   Next: 93%
Magic:  6/6        EV: 11    Int: 18 (19) God:
Gold:   131        SH:  0    Dex:  9 (12) Spells: 5/5 levels left

rFire    . . .     SeeInvis .   a - +2 hand axe
rCold    . . .     Gourm    .   (no shield)
rNeg     + . .     Faith    .   h - +0 ring mail
rPois    .         Spirit   .   (no helmet)
rElec    .         Reflect  .   (no cloak)
rCorr    .         Harm     .   (no gloves)
MR       .....                  f - +0 pair of boots
Stlth    +.........             (no amulet)
HPRegen  0.15/turn              g - ring of positive energy
MPRegen  0.10/turn              (no ring)

@: no status effects
A: distributed training, fangs 1, strong nose
a: no special abilities


You were on level 3 of the Dungeon.
You were full.

You visited 1 branch of the dungeon, and saw 3 of its levels.

You collected 131 gold pieces.

Inventory:

Hand Weapons
 a - a +2 hand axe (weapon)
Armour
 c - a +0 robe
 f - a +0 pair of boots (worn)
 h - a +0 ring mail (worn)
Jewellery
 g - a ring of positive energy (left hand)
Scrolls
 b - 3 scrolls of teleportation
 e - 2 scrolls of identify {unknown}
 i - a scroll of random uselessness {unknown}
 j - a scroll of enchant armour {unknown}
 k - a scroll of amnesia {unknown}
Comestibles
 d - 3 rations


   Skills:
 + Level 8.6 Fighting
 + Level 1.2 Short Blades
 + Level 1.2 Long Blades
 + Level 4.7 Axes
 + Level 1.2 Maces & Flails
 + Level 1.2 Polearms
 + Level 1.2 Staves
 + Level 1.2 Slings
 + Level 1.2 Bows
 + Level 1.2 Crossbows
 + Level 1.2 Throwing
 + Level 2.8 Armour
 + Level 2.8 Dodging
 + Level 1.2 Stealth
 + Level 2.8 Shields
 + Level 1.2 Unarmed Combat
 + Level 1.2 Spellcasting
 + Level 1.0 Conjurations
 + Level 1.0 Hexes
 + Level 1.0 Charms
 + Level 1.0 Summonings
 + Level 1.0 Necromancy
 + Level 1.0 Translocations
 + Level 1.0 Transmutations
 + Level 1.0 Fire Magic
 + Level 1.0 Ice Magic
 + Level 1.0 Air Magic
 + Level 1.0 Earth Magic
 + Level 1.0 Poison Magic
 + Level 1.4 Invocations
 + Level 2.8 Evocations


You had 5 spell levels left.
You didn't know any spells.

Dungeon Overview and Level Annotations

Branches:
Dungeon (3/15)

Altars:
Elyvilon
Gozag
Ru
Xom
The Shining One

Annotations:
D:3 Bapho's ghost, amateur MiMo


Innate Abilities, Weirdness & Mutations

Your experience applies equally to all skills.
You have very sharp teeth.
Your uncanny sense of smell can sniff out nearby items.


Message History

Your surroundings suddenly seem different.
Found 6 gold pieces.
A worm comes into view.
A giant cockroach comes into view.
You hit the giant cockroach.
You kill the giant cockroach!
Found a glowing golden altar of the Shining One.
Found a scroll labeled LIYMAL KIFENIM.
You see here a scroll labeled LIYMAL KIFENIM.
k - a scroll labeled LIYMAL KIFENIM You barely miss the worm.
The worm barely misses you.
You hit the worm.
The worm is lightly wounded.
You hit the worm but do no damage.
The worm is lightly wounded.
The worm barely misses you.
You hit the worm. Your bite misses the worm.
The worm is lightly wounded.
The worm bites you!
You die...

#..# ∆ .. #..# #.
#..# ... ...##..
###..#+..... #.
###... ...... ## #
##...### ..._.. #
##.##.#..#...##......
#
.......@w.....##.....
#. ####...######..##
##.. #..... #...##
#... .......
#..†.###...# #......
####..#..# #...###
#..#.# #... #w...#
#.. ##....##.
#....#....


You could see a worm.

Vanquished Creatures
  A centaur zombie (D:2)
  4 adders (D:2)
  A worm (D:2)
  A dart slug (D:1)
  2 leopard geckos (D:2)
  3 orcs (D:3)
  4 bats
  5 giant cockroaches
  6 hobgoblins
  3 kobolds (D:1)
  A quokka (D:3)
  4 frilled lizards
  3 rats
38 creatures vanquished.

Notes
Turn   | Place    | Note
-------+----------+-------------------------------------------
     0 | D:1      | Hercules1031 the Gnoll Wanderer began the quest for the Orb.
     0 | D:1      | Hercules1031 set off with: a +2 hand axe, 2 scrolls of teleportation, a +0 robe, a ration
     0 | D:1      | Reached XP level 1. HP: 26/26 MP: 2/2
   119 | D:1      | Reached XP level 2. HP: 26/33 MP: 3/3
   625 | D:2      | Reached XP level 3. HP: 21/38 MP: 4/4
   735 | D:2      | Found a shimmering altar of Xom.
   735 | D:2      | Found a white marble altar of Elyvilon.
   736 | D:2      | Found a sacrificial altar of Ru.
   878 | D:2      | Reached skill level 1 in Short Blades
   878 | D:2      | Reached skill level 1 in Long Blades
   878 | D:2      | Reached skill level 1 in Maces & Flails
   878 | D:2      | Reached skill level 1 in Polearms
   878 | D:2      | Reached skill level 1 in Staves
   878 | D:2      | Reached skill level 1 in Slings
   878 | D:2      | Reached skill level 1 in Bows
   878 | D:2      | Reached skill level 1 in Crossbows
   878 | D:2      | Reached skill level 1 in Throwing
   878 | D:2      | Reached skill level 1 in Stealth
   878 | D:2      | Reached skill level 1 in Unarmed Combat
   878 | D:2      | Reached skill level 1 in Spellcasting
   878 | D:2      | Reached skill level 1 in Invocations
   878 | D:2      | Reached XP level 4. HP: 30/45 MP: 4/6
  1239 | D:2      | Reached skill level 1 in Conjurations
  1239 | D:2      | Reached skill level 1 in Hexes
  1239 | D:2      | Reached skill level 1 in Charms
  1239 | D:2      | Reached skill level 1 in Summonings
  1239 | D:2      | Reached skill level 1 in Necromancy
  1239 | D:2      | Reached skill level 1 in Translocations
  1239 | D:2      | Reached skill level 1 in Transmutations
  1239 | D:2      | Reached skill level 1 in Fire Magic
  1239 | D:2      | Reached skill level 1 in Ice Magic
  1239 | D:2      | Reached skill level 1 in Air Magic
  1239 | D:2      | Reached skill level 1 in Earth Magic
  1239 | D:2      | Reached skill level 1 in Poison Magic
  1554 | D:3      | Noticed Bapho's ghost (amateur MiMo)
  1596 | D:3      | Found an opulent altar of Gozag.
  1607 | D:3      | Found a glowing golden altar of the Shining One.
  1624 | D:3      | Slain by a worm

Skill      XL: |  1  2  3  4 |
---------------+-------------+-----
Short Blades   | 1 |  1.2
Long Blades    | 1 |  1.2
Maces & Flails | 1 |  1.2
Polearms       | 1 |  1.2
Staves         | 1 |  1.2
Slings         | 1 |  1.2
Bows           | 1 |  1.2
Crossbows      | 1 |  1.2
Throwing       | 1 |  1.2
Stealth        | 1 |  1.2
Unarmed Combat | 1 |  1.2
Spellcasting   | 1 |  1.2
Invocations    | 1 |  1.4
Conjurations   | 1 |  1.0
Hexes          | 1 |  1.0
Charms         | 1 |  1.0
Summonings     | 1 |  1.0
Necromancy     | 1 |  1.0
Translocations | 1 |  1.0
Transmutations | 1 |  1.0
Fire Magic     | 1 |  1.0
Ice Magic      | 1 |  1.0
Air Magic      | 1 |  1.0
Earth Magic    | 1 |  1.0
Poison Magic   | 1 |  1.0
Fighting       | |  8.6
Axes           | |  4.7
Armour         | |  2.8
Dodging        | |  2.8
Shields        | |  2.8
Evocations     | |  2.8

Action                   |  1- 3 |  4- 6 || total
-------------------------+-------+-------++-------
Melee: Hand axe          |    63 |    57 ||   120
       Bite              |     4 |     3 ||     7
  Use: Potion            |     2 |     1 ||     3
       Scroll            |       |     1 ||     1
  Eat: Ration            |     1 |     1 ||     2
Armor: Robe              |     4 |       ||     4
       Ring mail         |    15 |    28 ||    43
Dodge: Dodged            |    60 |    44 ||   104
